 Dungeon Crawl Stone Soup version 0.18-b1-22-ge198996 (webtiles) character file.

3380 wvc the Quickloader (level 9, -13/67 HPs)
             Began as a Mummy Wanderer on May 4, 2016.
             Was a Follower of Okawaru.
             Mangled by a red devil
             ... wielding a +0 trident
             ... summoned by a kobold demonologist
              (18 damage)
             ... on level 8 of the Dungeon.
             The game lasted 00:18:11 (6903 turns).

wvc the Quickloader (Mummy Wanderer)                Turns: 6903, Time: 00:18:13

Health: -13/67     AC:  8    Str: 19    XL:     9   Next: 74%
Magic:  9/9        EV: 15    Int: 10    God:    Okawaru [*.....]
Gold:   85         SH:  0    Dex: 21    Spells: 0 memorised, 8 levels left

rFire  . . .     SeeInvis .     b - +6 mace "Wunipojoank" {crush, rF+ rC+ MR+ Str+4}
rCold  + + .     Gourm    .     u - +1 troll leather armour {Purgy}
rNeg   + + +     Faith    .     (no shield)
rPois  ∞         Spirit   .     (no helmet)
rElec  .         Dismiss  .     A - +1 cloak
rCorr  .         Reflect  .     (no gloves)
SustAt .         Harm     .     k - +0 pair of boots
MR     ++...                    (no amulet)
Stlth  ++........               (no ring)
                                q - +5 ring of dexterity

@: very resistant to hostile enchantments, unstealthy
A: no food or potions, fire vulnerability, cold resistance 1, negative energy
resistance 3, torment resistance, unbreathing
a: Heroism, Renounce Religion


You were on level 8 of the Dungeon.
You worshipped Okawaru.
Okawaru was aware of your devotion.
You were not hungry.

You visited 2 branches of the dungeon, and saw 9 of its levels.
You also visited: Sewer.

You collected 420 gold pieces.
You spent 335 gold pieces at shops.

Inventory:

Hand Weapons
 a - a +3 hand crossbow
 b - the +6 mace "Wunipojoank" (weapon) {crush, rF+ rC+ MR+ Str+4}
   (You found it in a sewer)

   It inflicts extra damage upon your enemies.
   It affects your strength (+4).
   It protects you from fire.
   It protects you from cold.
   It affects your resistance to hostile enchantments.
 f - the +7 flail of Xom's Generosity {freeze, Str+2}
   (You bought it in a shop on level 4 of the Dungeon)

   It has been specially enchanted to freeze those struck by it, causing extra
   injury to most foes and up to half again as much damage against particularly
   susceptible opponents.
   It can also slow down cold-blooded creatures.
   It affects your strength (+2).
 n - a +0 spear
 w - a +2 flail of draining
Missiles
 h - 8 needles of paralysis
 r - 56 bolts
Armour
 k - a +0 pair of boots (worn)
 l - a +0 buckler
 u - a +1 troll leather armour (worn) {Purgy}
 A - a +1 cloak (worn)
Jewellery
 q - a +5 ring of dexterity (left hand)
Wands
 j - a wand of random effects (39/48)
 s - a wand of iceblast (11/15)
 x - a wand of paralysis (24/24)
Scrolls
 c - 3 scrolls of teleportation
 d - 3 scrolls of remove curse
 e - a scroll of fog
 g - a scroll of recharging
 i - 2 scrolls of immolation
 o - a scroll of identify
 p - a scroll of enchant weapon
 z - 3 scrolls of amnesia
Books
 m - a book of Enchantments

   Spells                             Type                      Level
   a - Cause Fear                     Hexes                        4
   b - Yara's Violent Unravelling     Hexes/Transmutation          5
   c - Silence                        Hexes/Air                    5
   d - Deflect Missiles               Charms/Air                   6
   e - Haste                          Charms                       6
   f - Discord                        Hexes                        8


   Skills:
 + Level 4.8 Fighting
 + Level 4.2 Maces & Flails
 + Level 8.8 Crossbows
 - Level 1.0 Throwing
 + Level 3.4 Armour
 + Level 4.8 Dodging
 - Level 1.0 Evocations


You had 8 spell levels left.
You didn't know any spells.

Dungeon Overview and Level Annotations

Branches:
Dungeon (8/15)             Temple (1/1) D:4
   Lair: D:8-11

Altars:
Ashenzari
Elyvilon
Fedhas
Gozag
Kikubaaqudgha
Makhleb
Nemelex Xobeh
Okawaru
Pakellas
Ru
Sif Muna
Trog
Vehumet
Xom
Yredelemnul
Zin
The Shining One

Shops:
D:4 *


Innate Abilities, Weirdness & Mutations

You do not eat or drink.
Your flesh is vulnerable to fire.
You are immune to poison.
Your flesh is cold resistant.
You are immune to negative energy.
You are immune to unholy pain and torment.
You can survive without breathing.


Message History

The kobold hits you but does no damage.
The red devil hits you from afar with a trident.
* * * LOW HITPOINT WARNING * * *
The kobold demonologist hits you but does no damage.
The white imp barely misses you.
You hit the kobold demonologist.
The kobold demonologist is almost dead.
The kobold closely misses you.
The red devil hits you but does no damage.
The white imp gestures at you. The puff of frost misses you.
The kobold demonologist hits you but does no damage.
You barely miss the kobold demonologist.
The kobold demonologist is almost dead.
The kobold completely misses you. The white imp gestures at you.
The puff of frost misses you.
The kobold demonologist barely misses you.
The red devil hits you from afar with a trident!!
You die...

+## ... <.## ...## #.
... #.... #. # #..#
.... #. #.##..5
####.# #. ......4
..>.# #.
#....K5######...# #.
#KK@........# #.
##3#######..# #.
.K5#........#######.
###.#.#####.###......
#...#####.###.#####
..............# #
##..#####.##### # #.#
# #.# #


You could see a soul eater, a kobold demonologist, a red devil, 2 crimson imps,
a white imp and 3 kobolds.

Vanquished Creatures
  A kobold demonologist (D:8)
  Sigmund (D:5)
  A human (D:7)
  Menkaure (D:7)
  Edmund (D:5)
  A phantom (D:4)
  3 sky beasts
  Purgy (Sewer)
  A necrophage (D:6)
  2 ice beasts
  3 ogres
  A centaur (D:5)
  3 giant frogs
  2 scorpions
  6 electric eels (D:7)
  4 crimson imps
  A quasit (D:5)
  2 hounds (D:4)
  3 orc wizards
  A giant frog skeleton (D:6)
  An orc priest (D:5)
  A centaur skeleton (D:6)
  3 iguanas (D:6)
  5 worker ants
  A killer bee zombie (D:7)
  4 sheep (D:7)
  2 hound zombies
  2 hound skeletons
  9 adders
  A gnoll (D:1)
  A river rat (D:6)
  3 shadow imps
  4 oozes
  An adder skeleton (D:4)
  5 worms
  4 dart slugs
  3 giant geckos
  15 orcs
  6 bats
  5 giant cockroaches
  2 goblins (D:1)
  6 hobgoblins
  8 jackals
  11 kobolds
  3 quokkas
  3 ball pythons
  3 giant newts
  2 jackal skeletons (D:6)
  A quokka skeleton (D:4)
  3 rats
  A plant (D:7)
  2 withered plants (D:2)
160 creatures vanquished.

Vanquished Creatures (others)
  A plant (D:7)
1 creature vanquished.

Grand Total: 161 creatures vanquished

Notes
Turn   | Place    | Note
--------------------------------------------------------------
     0 | D:1      | wvc the Mummy Wanderer began the quest for the Orb.
     0 | D:1      | wvc set off with: a +2 hand crossbow, 25 bolts, 2 scrolls of teleportation, a +0 robe
     0 | D:1      | Reached XP level 1. HP: 16/16 MP: 1/1
    20 | D:1      | Reached skill level 1 in Dodging
    77 | D:1      | Reached XP level 2. HP: 22/22 MP: 2/2
   551 | D:1      | Reached XP level 3. HP: 27/27 MP: 3/3
   913 | D:2      | Reached skill level 3 in Crossbows
  1050 | D:2      | Reached XP level 4. HP: 15/33 MP: 4/4
  1473 | D:2      | Found an ancient bone altar of Kikubaaqudgha.
  1916 | D:3      | Found an oddly glowing altar of Pakellas.
  2224 | D:3      | Reached skill level 4 in Crossbows
  2343 | D:3      | Found an opulent altar of Gozag.
  2529 | D:4      | Reached XP level 5. HP: 38/38 MP: 5/5
  2754 | D:4      | Noticed an ogre
  2773 | D:4      | Killed an ogre
  2773 | D:4      | Reached skill level 5 in Crossbows
  2773 | D:4      | Reached XP level 6. HP: 44/44 MP: 6/6
  2782 | D:4      | You fall through a shaft for 3 floors!
  2926 | D:6      | Noticed an ice beast
  2951 | D:6      | Found a glowing drain.
  2955 | Sewer    | Entered a sewer
  3019 | Sewer    | Noticed Purgy
  3022 | Sewer    | Killed Purgy
  3022 | Sewer    | Reached skill level 6 in Crossbows
  3022 | Sewer    | Reached XP level 7. HP: 50/50 MP: 7/7
  3073 | Sewer    | Got a faintly glowing mace
  3074 | Sewer    | Identified the +6 mace "Wunipojoank" {crush, rF+ rC+ MR+ Str+4} (You found it in a sewer)
  3149 | D:5      | Entered Level 5 of the Dungeon
  3153 | D:5      | Reached skill level 1 in Maces & Flails
  3263 | D:5      | Noticed Sigmund
  3276 | D:5      | Killed Sigmund
  3276 | D:5      | Reached skill level 7 in Crossbows
  3465 | D:6      | Reached XP level 8. HP: 37/56 MP: 8/8
  3494 | D:5      | Reached skill level 8 in Crossbows
  3798 | D:5      | Noticed Edmund
  3808 | D:5      | Killed Edmund
  4027 | D:5      | Found an oddly glowing altar of Pakellas.
  4034 | D:5      | Found a sparkling altar of Nemelex Xobeh.
  4405 | D:4      | Found a staircase to the Ecumenical Temple.
  4448 | Temple   | Entered the Ecumenical Temple
  4608 | D:4      | Found Jemumeub's Assorted Antiques.
  4617 | D:4      | Bought a pitted flail for 178 gold pieces
  5197 | D:4      | Bought a scroll of enchant armour for 157 gold pieces
  5198 | D:4      | Identified the +7 flail of Xom's Generosity {freeze, Str+2} (You bought it in a shop on level 4 of the Dungeon)
  5267 | D:4      | Reached XP level 9. HP: 64/64 MP: 9/9
  5336 | D:6      | Found an iron altar of Okawaru.
  5359 | D:6      | Became a worshipper of Warmaster Okawaru
  5720 | D:7      | Found a shattered altar of Ashenzari.
  5828 | D:7      | Noticed Menkaure
  6152 | D:7      | Killed Menkaure
  6228 | D:7      | Reached * piety under Okawaru
  6674 | D:7      | Found a glowing silver altar of Zin.
  6674 | D:7      | Found a glowing golden altar of the Shining One.
  6674 | D:7      | Found a white marble altar of Elyvilon.
  6880 | D:8      | Noticed a kobold demonologist
  6883 | D:8      | Noticed a kobold demonologist
  6885 | D:8      | Noticed an orange demon
  6893 | D:8      | Noticed a red devil
  6895 | D:8      | Killed a kobold demonologist
  6901 | D:8      | Noticed a soul eater
  6903 | D:8      | Mangled by a red devil

Skill      XL: |  1  2  3  4  5  6  7  8  9 |
---------------+----------------------------+-----
Dodging        | 1 3 4 |  4.8
Crossbows      | 3 4 5 6 7 8 |  8.8
Maces & Flails | 1 3 4 |  4.2
Fighting       | 3 4 |  4.8
Armour         | 3 |  3.4
Throwing       | |  1.0
Evocations     | |  1.0

Action                   |  1- 3 |  4- 6 |  7- 9 || total
-------------------------+-------+-------+-------++-------
Melee: Spear             |       |   171 |       ||   171
       Flail             |       |    42 |       ||    42
       Mace              |       |       |   278 ||   278
 Fire: Hand crossbow     |    68 |   123 |    59 ||   250
  Use: Scroll            |       |     7 |    13 ||    20
 Stab: Sleeping          |       |       |     2 ||     2
Armor: Chain mail        |    10 |       |       ||    10
       Ring mail         |    20 |    35 |    21 ||    76
       Troll leather arm |       |       |    91 ||    91
Dodge: Dodged            |    43 |    91 |   225 ||   359
